 Dungeon Crawl Stone Soup version 0.30-a0-170-g85af917532 (webtiles) character file.

Game seed: 8669498492681042665

3 blackman the Sneak (level 1, 0/17 HPs)
             Began as a Demigod Wanderer on Sept 30, 2022.
             Slain by a goblin
             ... wielding a +0 dagger
              (3 damage)
             ... on level 1 of the Dungeon.
             The game lasted 00:00:22 (44 turns).

blackman the Sneak (Demigod Wanderer)                 Turns: 44, Time: 00:00:22

Health: 0/17       AC:  3    Str: 13    XL:     1   Next: 33%
Magic:  3/3        EV: 11    Int: 10    God:
Gold:   4          SH:  6    Dex: 17    Spells: 0/0 levels left

rFire   . . .      SeeInvis .    a - +1 short sword
rCold   . . .      Faith    .    b - +2 buckler
rNeg    . . .      Spirit   .    d - +0 leather armour
rPois   .          Reflect  .    (no helmet)
rElec   .          Harm     .    (no cloak)
rCorr   .          Rampage  .    (no gloves)
Will    .....                    (no boots)
Stlth   ++........               (no amulet)
HPRegen 0.05/turn                (no ring)
MPRegen 0.08/turn                (no ring)

@: no status effects
A: high MP 1, forlorn, divine attributes
a: no special abilities


You were on level 1 of the Dungeon.
You visited 1 branch of the dungeon, and saw 1 of its levels.

You collected 4 gold pieces.

Inventory:

Hand Weapons
 a - a +1 short sword (weapon)
Armour
 b - a +2 buckler (worn)
 d - a +0 leather armour (worn)
Scrolls
 c - a scroll of silence


   Skills:
 - Level 1.7 Fighting
 - Level 1.7(1.9) Short Blades
 * Level 0.8(1.4) Long Blades
 - Level 1.0 Armour
 - Level 1.0 Dodging
 - Level 1.7 Stealth
 - Level 1.7 Shields


You couldn't memorise any spells.
You didn't know any spells.
Your spell library was empty.

Dungeon Overview and Level Annotations

Branches:
Dungeon (1/15)


Innate Abilities, Weirdness & Mutations

You have an increased reservoir of magic. (+10% MP)
You shall have no god before yourself.
Your divine heritage dramatically boosts your attributes as you level up.


Message History

The bat is moderately wounded.
You block the bat's attack. The bat hits you but does no damage.
You block the rat's attack. The goblin hits you with a +0 dagger.
The hobgoblin barely misses you.
You barely miss the bat.
The bat is moderately wounded.
The bat closely misses you. The bat hits you but does no damage.
The rat bites you. The goblin hits you with a +0 dagger.
The hobgoblin completely misses you.
You hit the bat but do no damage.
The bat is moderately wounded.
The bat hits you but does no damage. The bat hits you.
The rat closely misses you. The goblin hits you with a +0 dagger.
The hobgoblin hits you.
You are too injured to fight recklessly!
You are too injured to fight recklessly!
You are too injured to fight recklessly!
You are too injured to fight recklessly!
You are too injured to fight recklessly!
You are too injured to fight recklessly!
You are too injured to fight recklessly!
You are too injured to fight recklessly!
You are too injured to fight recklessly!
You are too injured to fight recklessly!
You are too injured to fight recklessly!
You are too injured to fight recklessly!
You closely miss the rat. The bat hits you. You block the rat's attack.
The goblin hits you but does no damage. The hobgoblin closely misses you.
You hit the rat.
You kill the rat!
The bat closely misses you. The goblin barely misses you.
The hobgoblin hits you.
* * * LOW HITPOINT WARNING * * *
You hit the kobold.
You kill the kobold!
The bat closely misses you. The goblin barely misses you.
The hobgoblin barely misses you. The bat attacks as you move away!
The bat misses you. The bat hits you but does no damage.
The goblin hits you with a +0 dagger.
You die...

#..........#.....~≈PPP~~~..
#..........+....≈~~~~~~....
#..........#~≈~~~≈..P.....♣
#..........#########+######
#........$........
#...............#
#.#####.........#
#...$.....bg....#
#..#.###.#@g....#
..............# .
#.###.#......#
#.#$#.#......#
#.###.#......#
.........#.####
.#.###.#.#.# .. ..#.#


You could see a hobgoblin, a goblin and a bat.

Vanquished Creatures
  A kobold (D:1)
  2 ball pythons (D:1)
  A rat (D:1)
4 creatures vanquished.

Notes
Turn   | Place    | Note
-------+----------+-------------------------------------------
     0 | D:1      | blackman the Demigod Wanderer began the quest for the Orb.
     0 | D:1      | blackman set off with the following items: a +1 short
                  | sword, a +2 buckler, a scroll of silence, a +0 leather
                  | armour.
     0 | D:1      | Reached XP level 1. HP: 17/17 MP: 3/3
    44 | D:1      | Slain by a goblin

Illustrated notes

Levels and vault maps discovered:
D:1:      tarquinn_simple_flora_water_c, layout_basic, grunt_decor_cap,
          minmay_surrounded

Action                   || total
-------------------------++-------
Melee: Short sword       ||    11
Armor: Leather armour    ||     8
Dodge: Dodged            ||    14
Block: Buckler           ||     5

Table legend: (Time is in decaauts)
 A = Elapsed time spent in this place.
 B = Non-inter-level travel time spent in this place.
 C = Inter-level travel time spent in this place.
 D = Time resting spent in this place.
 E = Time spent auto-exploring this place.
 F = Levels seen in this place.
 G = Mean time per level.
                   A        B        C        D        E       F      G
               +--------+--------+--------+--------+--------+-----+--------+
         Total |     43 |     43 |      0 |      0 |     21 |   1 |   43.0 |
       Dungeon |     43 |     43 |      0 |      0 |     21 |   1 |   43.0 |
               +--------+--------+--------+--------+--------+-----+--------+

Top non-repeatable levels by time:
     D:1: 43 daAuts
